 Dungeon Crawl Stone Soup version 0.28-a0-771-g91a516d0e7 (webtiles) character file.

Game seed: 14076892712271266500

29599 Ijustatesigmund the Blocker (level 13, 0/104 HPs)
             Began as a Gnoll Fighter on Oct 29, 2021.
             Was a Priest of Cheibriados.
             Killed from afar by a starcursed mass (8 damage)
             ... with an accursed screaming
             ... on level 2 of the Abyss on Nov 1, 2021.
             The game lasted 00:33:33 (17042 turns).

Ijustatesigmund the Blocker (Gnoll Fighter)        Turns: 17042, Time: 00:33:33

Health: 0/104      AC: 21    Str: 23    XL:     13   Next: 46%
Magic:  25/25      EV: 24    Int: 30    God:    Cheibriados [***...]
Gold:   1193       SH:  0    Dex: 19    Spells: 25/28 levels left

rFire   + + .      SeeInvis .   a - +4 war axe (flame)
rCold   x . .      Faith    .   c - +0 buckler
rNeg    + . .      Spirit   .   b - +0 fire dragon scales
rPois   .          Reflect  .   l - +5 hat of Quantum Leap {rElec rN+ Int+10}
rElec   +          Harm     .   e - +1 cloak
rCorr   .          Rampage  .   (no gloves)
Will    .....                   p - +1 pair of boots
Stlth   ..........              h - amulet of magic regeneration
HPRegen 0.27/turn               i - +4 ring of evasion
MPRegen 0.44/turn               C - +4 ring of slaying

@: confused, mighty, agile, about to teleport, ambrosia-drunk, very slow
A: fangs 1, strong nose, distributed training, clumsy 1, no potion heal 1
a: Renounce Religion, Bend Time, Temporal Distortion


You were on level 2 of the Abyss.
You worshipped Cheibriados.
Cheibriados was most pleased with you.
You visited 2 branches of the dungeon, and saw 15 of its levels.
You visited the Abyss 1 time.
You also visited: Sewer.

You collected 1367 gold pieces.
You spent 174 gold pieces at shops.

Inventory:

Hand Weapons
 a - a +4 war axe of flaming (weapon)
 n - a +2 mace of holy wrath
 u - the +4 hand axe "Gogira" {vorpal, Drain +Blink Dex+3}
   (You found it on level 6 of the Dungeon)

   It inflicts extra damage upon your enemies.
   Dex:       It affects your dexterity (+3).
   +Blink:    It lets you blink.
   Drain:     It drains your maximum health when unequipped.
Missiles
 t - 4 curare-tipped darts
 y - 3 silver javelins (quivered)
Armour
 b - +0 fire dragon scales (worn)
 c - a +0 buckler (worn)
 e - a +1 cloak (worn)
 l - the +5 hat of Quantum Leap (worn) {rElec rN+ Int+10}
   (You acquired it on level 12 of the Dungeon)

   Int:       It affects your intelligence (+10).
   rElec:     It insulates you from electricity.
   rN:        It protects you from negative energy.
 p - a +1 pair of boots (worn)
 w - the +2 scale mail "Siacit" {rPois rF- rC+++ rN++}
   (You found it on level 13 of the Dungeon)

   rF:        It makes you vulnerable to fire.
   rC:        It renders you almost immune to cold.
   rPois:     It protects you from poison.
   rN:        It greatly protects you from negative energy.
Jewellery
 h - an amulet of magic regeneration (around neck)
 i - a +4 ring of evasion (left hand)
 j - a ring of fire
 C - a +4 ring of slaying (right hand)
 G - a ring of poison resistance
Wands
 k - a wand of polymorph (38)
 A - a wand of mindburst (32)
 B - a wand of acid (4)
 D - a wand of iceblast (3)
Scrolls
 g - 6 scrolls of immolation
 q - 2 scrolls of teleportation
 z - 2 scrolls of fear
 E - a scroll of holy word
 F - 4 scrolls of identify
 K - a scroll of enchant weapon
 M - 2 scrolls of amnesia
Potions
 d - 2 potions of might
 m - 3 potions of cancellation
 r - a potion of attraction
 s - 2 potions of magic
 v - 6 potions of resistance
 x - a potion of brilliance
 H - 2 potions of lignification
 I - 6 potions of ambrosia
 J - 3 potions of mutation


   Skills:
 + Level 10.6 Fighting
 + Level 8.3 Short Blades
 + Level 8.3 Long Blades
 + Level 9.5 Axes
 + Level 8.3 Maces & Flails
 + Level 8.3 Polearms
 + Level 8.3 Staves
 + Level 8.3 Slings
 + Level 8.3 Bows
 + Level 8.3 Crossbows
 + Level 8.3 Throwing
 + Level 10.6 Armour
 + Level 8.3 Dodging
 + Level 8.3 Stealth
 + Level 10.6 Shields
 + Level 8.3 Unarmed Combat
 + Level 8.3 Spellcasting
 + Level 6.9 Conjurations
 + Level 6.9 Hexes
 + Level 6.9 Summonings
 + Level 6.9 Necromancy
 + Level 6.9 Translocations
 + Level 6.9 Transmutations
 + Level 6.9 Fire Magic
 + Level 6.9 Ice Magic
 + Level 6.9 Air Magic
 + Level 6.9 Earth Magic
 + Level 6.9 Poison Magic
 + Level 9.1 Invocations
 + Level 8.3 Evocations


You had 25 spell levels left.
You knew the following spells:

 Your Spells              Type           Power      Damage    Failure   Level
a - Apportation           Tloc           100%       N/A       1%          1
b - Wereblood             Tmut           52%        N/A       1%          2

Your spell library contained the following spells:

 Spells                   Type           Power      Damage    Failure   Level
 Animate Skeleton         Necr           100%       N/A       1%          1
 Beastly Appendage        Tmut           100%       N/A       1%          1
 Slow                     Hex            100%       N/A       1%          1
 Summon Small Mammal      Summ           100%       N/A       1%          1
 Corpse Rot               Necr/Air       100%       N/A       1%          2
 Call Canine Familiar     Summ           52%        N/A       1%          3
 Confusing Touch          Hex            52%        N/A       1%          3
 Portal Projectile        Hex/Tloc       100%       N/A       1%          3
 Spider Form              Tmut/Pois      26%        N/A       1%          3
 Dispel Undead            Necr           52%        3d19      6%          4
 Leda's Liquefaction      Hex/Erth       26%        N/A       6%          4
 Yara's Violent Unravell  Hex/Tmut       26%        3d11      16%         5
 Death Channel            Necr           26%        N/A       65%         6
 Dispersal                Tloc           26%        N/A       65%         6
 Malign Gateway           Summ/Tloc      26%        N/A       99%         7
 Disjunction              Tloc           26%        N/A       100%        8
 Summon Horrible Things   Summ           26%        N/A       100%        8


Dungeon Overview and Level Annotations

Branches:
Dungeon (14/15)            Temple (1/1) D:7            Lair (0/6) D:11
    Orc (0/2) D:11          Sewer (visited)
 Vaults: D:13-14

Altars:
Ashenzari
Cheibriados
Dithmenos
Elyvilon
Fedhas
Gozag
Hepliaklqana
Kikubaaqudgha
Makhleb
Nemelex Xobeh
Okawaru
Qazlal
Ru
Sif Muna
Trog
Uskayaw
Vehumet
Wu Jian
Xom
Yredelemnul
Zin
The Shining One

Shops:
D:8 *   D:10 (   D:12 (   D:13 *   D:14 *

Annotations:
D:9 3 runed translucent doors, fly's ghost, novice FoDe
D:12 2 transporters


Innate Abilities, Weirdness & Mutations

You have very sharp teeth.
Your uncanny sense of smell can sniff out nearby items.
Your experience applies equally to all skills.
You are clumsy. (Dex -2)
Potions are less effective at restoring your health.


Message History

The spatial maelstrom completely misses you.
The spatial maelstrom misses you.
You slash the starcursed mass! You burn the starcursed mass.
You feel a bit better.
You destroy the starcursed mass!
Cheibriados thoroughly appreciates the change of pace.
You slash the spatial maelstrom! You burn the spatial maelstrom.
You feel a bit better.
You destroy the spatial maelstrom!
Cheibriados thoroughly appreciates the change of pace.
You hit the starcursed mass but do no damage.
The neqoxec gestures at you.
Strange energies course through your body.
Your system partially rejects the healing effects of potions.
A starcursed mass splits.
You howl as the wereblood boils in your veins!
A chorus of shrieks assaults your mind.
* * * LOW HITPOINT WARNING * * *
The starcursed mass touches you but does no damage.
You howl as the wereblood boils in your veins!
A starcursed mass splits. x2
The starcursed mass touches you but does no damage.
You block the large abomination's attack.
Your primal bloodlust has ended.
The starcursed mass touches you but does no damage.
A chorus of shrieks assaults your mind.
* * * LOW HITPOINT WARNING * * *
The starcursed mass misses you.
You are confused.
Your system partially rejects the healing.
You feel invigorated. A chorus of shrieks assaults your mind.
* * * LOW HITPOINT WARNING * * *
The neqoxec gestures at you.
Something tries to feed on your intellect!
The starcursed mass completely misses you.
You feel very mighty all of a sudden. The neqoxec closely misses you.
A deafening chorus of shrieks assaults your mind!
You die...

### #. ..#... # ##
..#. ยง.####. ..'
#...### ..# #
..v..###.###..
#.#...#X###.##..##
#...#.#XX@.......
...#....X3........
#.....XX........
#.#.X#..........
#.#..#.#.........
###......###..##.#.
. ..######.# ..# .#
#.. # .#. ....... #
.# ........


You could see 5 starcursed masses, 2 large abominations and a neqoxec.

Vanquished Creatures
  A fire dragon (D:12)
  4 hydras
  A centaur warrior (D:12)
  A two-headed ogre (D:10)
  A death knight (D:10)
  A deep elf knight (D:13)
  A skeletal warrior (D:12)
  A spatial maelstrom (Abyss:2)
  A deep elf archer (D:13)
  15 starcursed masses (Abyss:2)
  A deep elf zephyrmancer (D:13)
  4 deep elf pyromancers
  3 manticores
  Maggie (D:8)
  3 gargoyles
  A kobold demonologist (D:9)
  2 komodo dragons (D:11)
  2 freezing wraiths (D:10)
  3 meliai (D:13)
  4 trolls
  A queen bee (D:10)
  6 slime creatures
  A vampire (D:12)
  2 wyverns (D:11)
  A ynoxinul (Abyss:2)
  3 wraiths
  19 yaks
  2 basilisks (D:11)
  8 vampire mosquitoes
  A chaos spawn (Abyss:2)
  3 steam dragons
  3 acid dragons
  2 water moccasins
  A black bear (D:4)
  4 orc warriors
  3 sky beasts
  4 small abominations (Abyss:2)
  An ogre (D:6)
  A phantom (D:4)
  7 kobold brigands
  3 bullfrogs
  A gnoll sergeant (D:9)
  A scorpion (D:7)
  31 killer bees
  12 wights (D:7)
  4 howler monkeys
  5 centaur zombies
  2 hounds
  6 orc priests
  5 jellies
  5 iguanas
  A centaur skeleton (D:5)
  13 orc wizards
  Natasha (thrice) (D:2)
  2 hound skeletons
  6 adders
  3 river rats (Sewer)
  A shadow imp (D:8)
  2 white imps
  An adder skeleton (D:5)
  40 orcs
  14 endoplasms
  4 giant cockroaches
  A goblin (D:2)
  4 hobgoblins
  6 jackals
  41 kobolds
  A quokka (D:1)
  9 ball pythons
  3 bats (D:1)
  3 frilled lizards
  33 rats
390 creatures vanquished.

Vanquished Creatures (collateral kills)
  A howler monkey (D:7)
  An orc wizard (D:7)
2 creatures vanquished.

Vanquished Creatures (others)
  A steam dragon (D:7)
  A kobold (D:7)
  2 fungi (D:3)
  10 toadstools (D:3)
14 creatures vanquished.

Grand Total: 406 creatures vanquished

Notes
Turn   | Place    | Note
-------+----------+-------------------------------------------
     0 | D:1      | Ijustatesigmund the Gnoll Fighter began the quest for the
                  | Orb.
     0 | D:1      | Reached XP level 1. HP: 23/23 MP: 1/1
   183 | D:1      | Reached XP level 2. HP: 19/29 MP: 2/2
   293 | D:1      | Found a faded altar of an unknown god.
   874 | D:2      | Noticed Natasha
   878 | D:2      | Noticed a crimson imp
   885 | D:2      | Killed Natasha
   886 | D:2      | Reached skill level 1 in Invocations
   886 | D:2      | Reached XP level 3. HP: 25/35 MP: 2/4
   936 | D:2      | Reached skill level 1 in Short Blades
   936 | D:2      | Reached skill level 1 in Long Blades
   936 | D:2      | Reached skill level 1 in Maces & Flails
   936 | D:2      | Reached skill level 1 in Polearms
   936 | D:2      | Reached skill level 1 in Staves
   936 | D:2      | Reached skill level 1 in Slings
   936 | D:2      | Reached skill level 1 in Bows
   936 | D:2      | Reached skill level 1 in Crossbows
   936 | D:2      | Reached skill level 1 in Throwing
   936 | D:2      | Reached skill level 1 in Dodging
   936 | D:2      | Reached skill level 1 in Stealth
   936 | D:2      | Reached skill level 1 in Unarmed Combat
   936 | D:2      | Reached skill level 1 in Spellcasting
   936 | D:2      | Reached skill level 1 in Evocations
  1020 | D:2      | Reached XP level 4. HP: 41/41 MP: 5/5
  1114 | D:2      | Noticed Natasha
  1122 | D:2      | Killed Natasha
  1329 | D:2      | Noticed Natasha
  1332 | D:2      | Killed Natasha
  1333 | D:2      | Reached skill level 1 in Conjurations
  1333 | D:2      | Reached skill level 1 in Hexes
  1333 | D:2      | Reached skill level 1 in Summonings
  1333 | D:2      | Reached skill level 1 in Necromancy
  1333 | D:2      | Reached skill level 1 in Translocations
  1333 | D:2      | Reached skill level 1 in Transmutations
  1333 | D:2      | Reached skill level 1 in Fire Magic
  1333 | D:2      | Reached skill level 1 in Ice Magic
  1333 | D:2      | Reached skill level 1 in Air Magic
  1333 | D:2      | Reached skill level 1 in Earth Magic
  1333 | D:2      | Reached skill level 1 in Poison Magic
  1548 | D:2      | Reached XP level 5. HP: 47/47 MP: 6/6
  1706 | D:3      | Found a radiant altar of Vehumet.
  2077 | D:3      | Found a glowing drain.
  2091 | Sewer    | Entered a sewer
  2190 | Sewer    | Noticed a kobold brigand
  2208 | Sewer    | Killed a kobold brigand
  2209 | Sewer    | Reached XP level 6. HP: 46/53 MP: 8/8
  2444 | Sewer    | Reached skill level 5 in Axes
  2476 | Sewer    | Reached XP level 7. HP: 47/59 MP: 8/10
  4210 | D:4      | Found a large runed translucent door.
  4211 | D:4      | Found a large runed translucent door.
  4357 | D:4      | Identified the +3 ring mail "Fereox" {rF+ Will++ Str-3
                  | Dex+4}
  4744 | D:4      | Found a sacrificial altar of Ru.
  4758 | D:4      | Found a shimmering altar of Xom.
  4799 | D:5      | Entered Level 5 of the Dungeon
  5001 | D:5      | Reached XP level 8. HP: 67/67 MP: 12/12
  5455 | D:5      | You fall into a shaft and drop 2 floors!
  5620 | D:7      | Found a staircase to the Ecumenical Temple.
  5652 | Temple   | Entered the Ecumenical Temple
  5855 | Temple   | Became a worshipper of Cheibriados the Contemplative
  5987 | D:6      | Identified a scroll of acquirement
  5987 | D:6      | Acquired 543 gold pieces
  6135 | D:5      | Reached XP level 9. HP: 72/72 MP: 14/14
  6457 | D:6      | Identified the +4 hand axe "Gogira" {vorpal, Drain +Blink
                  | Dex+3}
  7194 | D:7      | Reached * piety under Cheibriados
  7306 | D:7      | Found a glowing silver altar of Zin.
  7306 | D:7      | Found a blossoming altar of Fedhas.
  7556 | D:7      | Learned a level 1 spell: Apportation
  7768 | D:7      | Found an ornate altar of the Wu Jian Council.
  7863 | D:7      | Found a shimmering blue altar of Sif Muna.
  7941 | D:7      | Reached skill level 5 in Invocations
  8030 | D:7      | Found a burning altar of Makhleb.
  8155 | D:8      | Noticed Maggie
  8171 | D:8      | Killed Maggie
  8259 | D:8      | Reached ** piety under Cheibriados
  8262 | D:8      | Reached XP level 10. HP: 59/80 MP: 17/17
  8415 | D:8      | Reached skill level 5 in Short Blades
  8415 | D:8      | Reached skill level 5 in Long Blades
  8415 | D:8      | Reached skill level 5 in Maces & Flails
  8415 | D:8      | Reached skill level 5 in Polearms
  8415 | D:8      | Reached skill level 5 in Staves
  8415 | D:8      | Reached skill level 5 in Slings
  8415 | D:8      | Reached skill level 5 in Bows
  8415 | D:8      | Reached skill level 5 in Crossbows
  8415 | D:8      | Reached skill level 5 in Throwing
  8415 | D:8      | Reached skill level 5 in Dodging
  8415 | D:8      | Reached skill level 5 in Stealth
  8415 | D:8      | Reached skill level 5 in Unarmed Combat
  8415 | D:8      | Reached skill level 5 in Spellcasting
  8415 | D:8      | Reached skill level 5 in Evocations
  8653 | D:8      | Found Simiruem's Assorted Antiques.
  8656 | D:8      | Bought a scroll labelled USE GAGEEVUDUE for 20 gold pieces
  8656 | D:8      | Bought a viscous inky potion for 18 gold pieces
  8656 | D:8      | Bought 2 ruby potions for 36 gold pieces
  8656 | D:8      | Bought a scroll of identify for 40 gold pieces
  8656 | D:8      | Bought a scroll labelled QAKHLE GYIW for 20 gold pieces
  8656 | D:8      | Bought a scroll of identify for 40 gold pieces
  9478 | D:9      | Noticed a kobold demonologist
  9486 | D:9      | Reached *** piety under Cheibriados
  9489 | D:9      | Gained mutation: You are clumsy. (Dex -2) [a neqoxec]
  9492 | D:9      | Killed a kobold demonologist
  9706 | D:9      | Found a runed translucent gate.
  9706 | D:9      | Found a runed translucent gate.
  9706 | D:9      | Found a runed translucent gate.
  9737 | D:10     | Entered Level 10 of the Dungeon
 10313 | D:9      | Reached **** piety under Cheibriados
 10319 | D:9      | Reached XP level 11. HP: 33/87 MP: 19/19
 11148 | D:9      | Noticed fly's ghost (novice FoDe)
 11163 | D:10     | Noticed a death knight
 11163 | D:10     | Found Widoiskeesk's Antique Weapon Shop.
 11254 | D:10     | Reached skill level 5 in Conjurations
 11254 | D:10     | Reached skill level 5 in Hexes
 11254 | D:10     | Reached skill level 5 in Summonings
 11254 | D:10     | Reached skill level 5 in Necromancy
 11254 | D:10     | Reached skill level 5 in Translocations
 11254 | D:10     | Reached skill level 5 in Transmutations
 11254 | D:10     | Reached skill level 5 in Fire Magic
 11254 | D:10     | Reached skill level 5 in Ice Magic
 11254 | D:10     | Reached skill level 5 in Air Magic
 11254 | D:10     | Reached skill level 5 in Earth Magic
 11254 | D:10     | Reached skill level 5 in Poison Magic
 11474 | D:10     | Found a white marble altar of Elyvilon.
 11508 | D:10     | Killed a death knight
 12328 | D:10     | Noticed a two-headed ogre
 12332 | D:10     | Killed a two-headed ogre
 12472 | D:11     | Noticed a manticore
 12472 | D:11     | Noticed a five-headed hydra
 12487 | D:11     | Killed a one-headed hydra
 12491 | D:11     | Killed a manticore
 12491 | D:11     | Reached ***** piety under Cheibriados
 12844 | D:11     | Reached XP level 12. HP: 96/96 MP: 22/22
 12986 | D:11     | Found a staircase to the Lair.
 13080 | D:11     | Found a staircase to the Orcish Mines.
 13413 | D:12     | Noticed a centaur warrior
 13427 | D:12     | Killed a centaur warrior
 13614 | D:12     | Noticed a fire dragon
 13630 | D:12     | Killed a fire dragon
 13641 | D:12     | Noticed a five-headed hydra
 13645 | D:12     | Found Nusch's Antique Weapon Shoppe.
 13787 | D:12     | Killed a one-headed hydra
 13909 | D:12     | Reached skill level 10 in Fighting
 13909 | D:12     | Reached skill level 10 in Armour
 13909 | D:12     | Reached skill level 10 in Shields
 14003 | D:12     | Found a transporter.
 14035 | D:12     | Noticed a seven-headed hydra
 14042 | D:12     | Killed a two-headed hydra
 14210 | D:12     | Noticed a four-headed hydra
 14219 | D:12     | Killed a one-headed hydra
 14268 | D:12     | Upgraded the game from 0.28-a0-732-g75e6d9beac to
                  | 0.28-a0-771-g91a516d0e7
 14287 | D:12     | Found the +5 robe of Misfortune {Contam Harm *Corrode Drain
                  | *Slow EV+5}
 14301 | D:12     | Acquired the +5 hat of Quantum Leap {rElec rN+ Int+10}
 14316 | D:12     | Learned a level 2 spell: Wereblood
 14495 | D:12     | Found a transporter.
 14519 | D:12     | Noticed a deep elf knight
 14927 | D:12     | Noticed a death knight
 15608 | D:13     | Identified the +2 scale mail "Siacit" {rPois rF- rC+++
                  | rN++}
 15858 | D:13     | Found Geruili's General Store.
 15863 | D:13     | Reached XP level 13. HP: 76/103 MP: 18/24
 16634 | D:14     | Found Syfex's Changing Room.
 16636 | D:14     | Identified the +1 ring mail "Safratse" {rElec Regen+ Int-5
                  | Stlth+}
 16771 | D:14     | Noticed a vault guard
 16800 | D:14     | Cast into level 2 of the Abyss (a wizard)
 16863 | Abyss:2  | Noticed a starcursed mass
 16985 | Abyss:2  | Noticed a starcursed mass
 17011 | Abyss:2  | Noticed a starcursed mass
 17029 | Abyss:2  | Noticed a starcursed mass
 17037 | Abyss:2  | Gained mutation: Potions are less effective at restoring
                  | your health. [a neqoxec]
 17042 | Abyss:2  | Killed from afar by a starcursed mass

Illustrated notes

Levels and vault maps discovered:
D:1:      minmay_arrival_solitary_statue, layout_basic,
          hellmonk_ecumenical_altar_blasted
D:2:      layout_basic, uniq_natasha
D:3:      cheibrodos_fertilizer, layout_loops_corners, nicolae_vehumet_radiance,
          portal_sewer_entry_c
D:4:      layout_basic, jmf_multi_god_temple2, minmay_tree_intersection,
          chequers_serial_rivers_small_a
D:5:      kb_forest_paths, layout_basic, interstate_on_off
D:6:      layout_basic, st_stairs_12
D:7:      minmay_general_purpose_star, layout_basic,
          gammafunk_temple_overflow_elements, led_sif_pool, marbit_many_paths,
          pdpol_wu_jian_five_deadly_venoms, minmay_temple_entry_junction_2
D:8:      layout_layer_cave, serial_shops, kennysheep_mini, uniq_maggie
D:9:      layout_basic, gammafunk_ghost_spectres, st_stairs_10
D:10:     layout_roguey, kennysheep_little_box, serial_shops,
          nicolae_stop_n_shop_1, special_room [special_room_bee]
D:11:     layout_gridville, erik_lair_dragon
D:12:     gammafunk_wand_slinger, layout_cave_pods, serial_shops,
          nicolae_shop_stone
D:13:     layout_gridville, serial_glass, glass_columns_a, glass_columns_a,
          serial_shops, shop
D:14:     due_megacathedral, layout_basic, grunt_vaults_entry_fortified,
          nicolae_transmutations_shop, minivault_25_ag, minivault_28
Temple:   nicolae_temple_figure_eight
Abyss:2:  base: D:11, base: D:13, hangedman_abyss_or_decor_lesser_grid

Skill      XL: |  1  2  3  4  5  6  7  8  9 10 11 12 13 |
---------------+----------------------------------------+-----
Invocations    | 1 2 3 4 5 6 7 8 9 |  9.1
Short Blades   | 1 2 3 4 5 6 7 8 |  8.3
Long Blades    | 1 2 3 4 5 6 7 8 |  8.3
Maces & Flails | 1 2 3 4 5 6 7 8 |  8.3
Polearms       | 1 2 3 4 5 6 7 8 |  8.3
Staves         | 1 2 3 4 5 6 7 8 |  8.3
Slings         | 1 2 3 4 5 6 7 8 |  8.3
Bows           | 1 2 3 4 5 6 7 8 |  8.3
Crossbows      | 1 2 3 4 5 6 7 8 |  8.3
Throwing       | 1 2 3 4 5 6 7 8 |  8.3
Dodging        | 1 2 3 4 5 6 7 8 |  8.3
Stealth        | 1 2 3 4 5 6 7 8 |  8.3
Unarmed Combat | 1 2 3 4 5 6 7 8 |  8.3
Spellcasting   | 1 2 3 4 5 6 7 8 |  8.3
Evocations     | 1 2 3 4 5 6 7 8 |  8.3
Conjurations   | 1 2 3 4 5 6 |  6.9
Hexes          | 1 2 3 4 5 6 |  6.9
Summonings     | 1 2 3 4 5 6 |  6.9
Necromancy     | 1 2 3 4 5 6 |  6.9
Translocations | 1 2 3 4 5 6 |  6.9
Transmutations | 1 2 3 4 5 6 |  6.9
Fire Magic     | 1 2 3 4 5 6 |  6.9
Ice Magic      | 1 2 3 4 5 6 |  6.9
Air Magic      | 1 2 3 4 5 6 |  6.9
Earth Magic    | 1 2 3 4 5 6 |  6.9
Poison Magic   | 1 2 3 4 5 6 |  6.9
Axes           | 5 6 7 8 9 |  9.5
Fighting       | 7 8 9 10 | 10.6
Armour         | 7 8 9 10 | 10.6
Shields        | 7 8 9 10 | 10.6

Action                   |  1- 3 |  4- 6 |  7- 9 | 10-12 | 13-15 || total
-------------------------+-------+-------+-------+-------+-------++-------
Melee: War axe           |    62 |   157 |   394 |   457 |    64 ||  1134
       Bite              |     6 |     9 |    59 |    75 |    12 ||   161
       Unarmed           |       |     3 |       |       |       ||     3
Throw: Dart              |       |       |     2 |       |       ||     2
       Javelin           |       |       |     3 |    18 |     6 ||    27
 Cast: Wereblood         |       |       |       |       |     3 ||     3
       Apportation       |       |       |       |       |     1 ||     1
Invok: Bend Time         |       |       |       |     4 |       ||     4
       Slouch            |       |       |       |     4 |     4 ||     8
Evoke: Wand              |       |       |       |     8 |     5 ||    13
  Use: Scroll            |       |     4 |    14 |    19 |     1 ||    38
       Potion            |       |     1 |       |     4 |     3 ||     8
 Stab: Sleeping          |       |       |     5 |     3 |       ||     8
       Distracted        |       |       |     1 |       |       ||     1
Armor: Scale mail        |    28 |    62 |     7 |       |       ||    97
       Chain mail        |       |       |    27 |       |       ||    27
       Ring mail         |       |       |    77 |   157 |       ||   234
       Fire dragon scale |       |       |       |    46 |    23 ||    69
Dodge: Dodged            |    41 |   112 |   271 |   436 |    82 ||   942
Block: Buckler           |    21 |    45 |   127 |   195 |    29 ||   417

Table legend: (Time is in decaauts)
 A = Elapsed time spent in this place.
 B = Non-inter-level travel time spent in this place.
 C = Inter-level travel time spent in this place.
 D = Time resting spent in this place.
 E = Time spent auto-exploring this place.
 F = Levels seen in this place.
 G = Mean time per level.
                   A        B        C        D        E       F      G
               +--------+--------+--------+--------+--------+-----+--------+
         Total |  20677 |  20152 |    525 |   3191 |  13514 |  17 | 1216.3 |
       Dungeon |  19364 |  18870 |    494 |   3076 |  12762 |  14 | 1383.1 |
        Temple |    226 |    195 |     31 |      0 |    193 |   1 |  226.0 |
         Abyss |    299 |    299 |      0 |    115 |     17 |   1 |  299.0 |
         Sewer |    786 |    786 |      0 |      0 |    541 |   1 |  786.0 |
               +--------+--------+--------+--------+--------+-----+--------+

Top non-repeatable levels by time:
    D:12: 2684 daAuts
     D:9: 2186 daAuts
    D:10: 2018 daAuts
    D:13: 1600 daAuts
     D:7: 1537 daAuts
     D:3: 1480 daAuts
     D:8: 1475 daAuts
    D:11: 1325 daAuts
     D:6: 1195 daAuts
     D:5: 1003 daAuts
     D:4: 887 daAuts
     D:1: 872 daAuts
     D:2: 853 daAuts
   Sewer: 786 daAuts
 Abyss:2: 299 daAuts
